 Dungeon Crawl Stone Soup version 0.24-a0-203-gf0bc1e94ae (webtiles) character file.

Game seed: 1848953847393802712

34 HYPERHYPER the Skirmisher (level 3, -8/20 HPs)
             Began as a Vine Stalker Fighter on Mar 28, 2019.
             Mangled by a gnoll
             ... wielding a +0 halberd
              (14 damage)
             ... on level 2 of the Dungeon.
             The game lasted 00:00:27 (477 turns).

HYPERHYPER the Skirmisher (Vine Stalker Fighter)     Turns: 477, Time: 00:00:27

Health: -8/20      AC:  6    Str: 19    XL:     3   Next: 31%
Magic:  0/4        EV:  7    Int:  8    God:
Gold:   72         SH:  9    Dex: 13    Spells: 2/2 levels left

rFire    . . .     SeeInvis .   a - +0 rapier
rCold    . . .     Gourm    .   c - +0 shield
rNeg     . . .     Faith    .   b - +0 scale mail
rPois    .         Spirit   +   (no helmet)
rElec    .         Reflect  .   (no cloak)
rCorr    .         Harm     .   (no gloves)
MR       .....                  (no boots)
Stlth    ..........             (no amulet)
HPRegen  0.06/turn              (no ring)
MPRegen  0.09/turn              (no ring)

@: no status effects
A: fangs 2, magic shield, antimagic bite, no potion heal 3, rot immunity
a: no special abilities


You were on level 2 of the Dungeon.
You were not hungry.

You visited 1 branch of the dungeon, and saw 2 of its levels.

You collected 72 gold pieces.

Inventory:

Hand Weapons
 a - a +0 rapier (weapon)
Armour
 b - a +0 scale mail (worn)
 c - a +0 shield (worn)
Scrolls
 f - a scroll of identify {unknown}
 g - a scroll of remove curse {unknown}
Potions
 d - a potion of might
Comestibles
 e - 2 rations
 h - a chunk of flesh


   Skills:
 * Level 3.1 Fighting
 + Level 2.0 Short Blades
 + Level 2.6 Armour
 + Level 0.5 Dodging
 + Level 1.1 Stealth
 + Level 2.8 Shields


You had 2 spell levels left.
You didn't know any spells.
Your spell library was empty.

Dungeon Overview and Level Annotations

Branches:
Dungeon (2/15)

Altars:
Gozag
Yredelemnul


Innate Abilities, Weirdness & Mutations

You have extremely sharp teeth.
When hurt, damage is shared between your health and your magic reserves.
Your bite disrupts and absorbs the magic of your enemies.
Potions cannot restore your health.
You are immune to rotting.


Message History

The leopard gecko closely misses you. You block the leopard gecko's attack.
Found a stone staircase leading up.
You closely miss the gnoll. You bite the gnoll, but do no damage.
The gnoll hits you but does no damage. The leopard gecko bites you.
* * * LOW HITPOINT WARNING * * *
You barely miss the gnoll. You bite the gnoll, but do no damage.
The leopard gecko barely misses you. The gnoll barely misses you.
The leopard gecko bites you but does no damage.
You puncture the gnoll!
The gnoll is heavily wounded.
You block the gnoll's attack. The leopard gecko barely misses you.
You puncture the gnoll!
You kill the gnoll!
The leopard gecko bites you but does no damage.
The gnoll throws a throwing net.
The throwing net barely misses you.
The throwing net completely misses the leopard gecko.
The gnoll hits you but does no damage.
The gnoll hits you from afar with a +0 halberd!
Ouch! That really hurt!
You die...

.≈≈≈≈≈≈≈≈≈≈≈≈
..≈≈≈≈≈≈≈≈≈≈≈
#..≈≈≈≈≈≈≈≈≈ #.(.≈≈≈≈≈..
.#### #......... # ...#
#.#....... ..<
#.###.........
.....#######........##.>.
..(....l@gg$....##.######
.....#####...÷.....# ...
#.P.P.....# .
#g._......##
#...gP.P......#
#.................#
.....######.....#....#
.#### ############


You could see 2 gnolls and a leopard gecko.

Vanquished Creatures
  A gnoll (D:2)
  An adder (D:2)
  A worm (D:2)
  A leopard gecko (D:1)
  3 bats (D:1)
  A goblin (D:1)
  A hobgoblin (D:2)
  2 frilled lizards
  2 kobolds (D:1)
  A rat (D:2)
14 creatures vanquished.

Notes
Turn   | Place    | Note
-------+----------+-------------------------------------------
     0 | D:1      | HYPERHYPER the Vine Stalker Fighter began the quest for the
                  | Orb.
     0 | D:1      | Reached XP level 1. HP: 11/11 MP: 2/2
   150 | D:1      | Reached XP level 2. HP: 15/16 MP: 3/3
   169 | D:2      | Reached skill level 3 in Fighting
   429 | D:2      | Found an opulent altar of Gozag.
   432 | D:2      | Reached skill level 1 in Stealth
   432 | D:2      | Reached XP level 3. HP: 20/20 MP: 4/4
   446 | D:2      | Found a basalt altar of Yredelemnul.
   477 | D:2      | Mangled by a gnoll

Levels and vault maps discovered:
D:1:      saegor_arrival_simple_c, layout_rooms
D:2:      layout_rooms, lemuel_doored_altar, yredelemnul_altar_generic,
          first_ration, minmay_misc_feat_rows, lemuel_altar_in_water

Skill      XL: |  1  2 |
---------------+-------+-----
Fighting       | 3 |  3.1
Short Blades   | 2 |  2.0
Stealth        | 1 |  1.1
Armour         | |  2.6
Dodging        | |  0.5
Shields        | |  2.8

Action                   || total
-------------------------++-------
Melee: Rapier            ||    62
       Bite              ||    14
Armor: Scale mail        ||    40
Dodge: Dodged            ||    26
Block: Shield            ||    38

Table legend:
 A = Non-vault XP
 B = Vault XP
 C = Vault XP percentage of total XP
 D = Non-vault monster count
 E = Vault monster count
 F = Vault count percentage of total count
                 A         B        C        D         E       F
            +---------+---------+-------+---------+---------+-------
      Total |      49 |       0 |   0.0 |      14 |       0 |   0.0
            +---------+---------+-------+---------+---------+-------
        D:1 |      13 |       0 |   0.0 |       8 |       0 |   0.0
        D:2 |      36 |       0 |   0.0 |       6 |       0 |   0.0
            +---------+---------+-------+---------+---------+-------
